 Dungeon Crawl Stone Soup version 0.29-a0-541-gaf1fc19f1b (webtiles) character file.

Game seed: 9027000391555443084

1999 sanka the Nimble (level 9, -10/67 HPs)
             Began as a Gnoll Wanderer on June 2, 2022.
             Was a Priest of Qazlal.
             Mangled by a cyan ugly thing (15 damage)
             ... on level 6 of the Dungeon.
             The game lasted 00:09:27 (6803 turns).

sanka the Nimble (Gnoll Wanderer)                   Turns: 6803, Time: 00:09:29

Health: -10/67     AC: 12    Str: 12    XL:     9   Next: 21%
Magic:  25/25      EV: 16    Int: 11    God:    Qazlal [***...]
Gold:   189        SH:  3    Dex: 16    Spells: 14/18 levels left

rFire   . . .      SeeInvis .   b - +2 dagger (venom)
rCold   . . .      Faith    .   (no shield)
rNeg    . . .      Spirit   .   N - +0 swamp dragon scales
rPois   +          Reflect  .   B - +1 helmet
rElec   .          Harm     .   t - +0 cloak
rCorr   .          Rampage  .   F - +0 pair of gloves
Will    .....                   (no boots)
Stlth   ++........              (no amulet)
HPRegen 0.21/turn               (no ring)
MPRegen 0.19/turn               y - ring of magical power

@: no status effects
A: fangs 1, strong nose, distributed training
a: Renounce Religion, Upheaval, Elemental Force


You were on level 6 of the Dungeon.
You worshipped Qazlal.
Qazlal was most pleased with you.
You visited 1 branch of the dungeon, and saw 6 of its levels.

You collected 189 gold pieces.


Innate Abilities, Weirdness & Mutations

You have very sharp teeth.
Your uncanny sense of smell can sniff out nearby items.
Your experience applies equally to all skills.


   Skills:
 + Level 4.8 Fighting
 + Level 4.0 Short Blades
 + Level 4.0 Long Blades
 + Level 4.0 Axes
 + Level 4.0 Maces & Flails
 + Level 4.0 Polearms
 + Level 4.0 Staves
 + Level 4.0 Slings
 + Level 4.0 Bows
 + Level 4.0 Crossbows
 + Level 4.0 Throwing
 + Level 4.0 Armour
 + Level 11.2 Dodging
 + Level 4.0 Stealth
 + Level 4.0 Shields
 + Level 4.0 Unarmed Combat
 + Level 5.0 Spellcasting
 + Level 3.3 Conjurations
 + Level 3.3 Hexes
 + Level 3.3 Summonings
 + Level 3.3 Necromancy
 + Level 3.3 Translocations
 + Level 5.1 Transmutations
 + Level 3.3 Fire Magic
 + Level 3.3 Ice Magic
 + Level 3.3 Air Magic
 + Level 3.3 Earth Magic
 + Level 3.3 Poison Magic
 + Level 4.4 Invocations
 + Level 4.8 Evocations


You had 14 spell levels left.
You knew the following spells:

 Your Spells              Type           Power      Damage    Failure   Level
y - Wereblood             Tmut           14%        N/A       9%          2
N - Passwall              Tmut/Erth      10%        N/A       12%         2

Your spell library contained the following spells:

 Spells                   Type           Power      Damage    Failure   Level
 Confusing Touch          Hex            10%        N/A       34%         3
 Dazzling Flash           Conj/Hex       20%        N/A       34%         3
 Yara's Violent Unravell  Hex/Tmut       6%         3d5       92%         5
 Agony                    Necr           10%        N/A       97%         5
 Silence                  Hex/Air        5%         N/A       97%         5
 Enfeeble                 Hex            5%         N/A       100%        7

Inventory:

Hand Weapons
 a - a +1 dagger of electrocution
 b - a +2 dagger of venom (weapon)
 g - a +0 dagger
 n - a +0 long sword
 J - a +0 glaive
Missiles
 H - 2 curare-tipped darts (quivered) {=f}
 M - 9 poisoned darts
Armour
 s - a +2 robe of fire resistance
 t - a +0 cloak (worn)
 B - a +1 helmet (worn)
 F - a +0 pair of gloves (worn)
 N - +0 swamp dragon scales (worn)
Magical Staves
 P - a staff of death
Jewellery
 y - a ring of magical power (right hand)
 C - a ring of ice
 K - a ring of flight
Wands
 c - a wand of flame (5)
 D - a wand of acid (2)
Scrolls
 d - a scroll of fear
 e - a scroll of enchant armour {unknown}
 f - a scroll of magic mapping {unknown}
 h - a scroll of fog {unknown}
 i - 6 scrolls of poison {unknown}
 k - 2 scrolls of identify {unknown}
 l - a scroll of silence {unknown}
 o - 2 scrolls of blinking {unknown}
 v - 3 scrolls of teleportation {unknown}
 w - a scroll of vulnerability {unknown}
 z - a scroll of noise {unknown}
 A - a scroll of summoning {unknown}
 L - a scroll of immolation {unknown}
Potions
 j - a potion of ambrosia {unknown}
 m - 2 potions of mutation {unknown}
 p - 3 potions of brilliance {unknown}
 q - 2 potions of flight {unknown}
 r - 3 potions of curing {unknown}
 x - a potion of haste {unknown}
 E - 2 potions of heal wounds {unknown}
 G - a potion of attraction {unknown}
 I - 2 potions of degeneration {unknown}
 O - a potion of berserk rage {unknown}

Dungeon Overview and Level Annotations

Branches:
Dungeon (6/15)             Temple (0/1) D:6

Altars:
Dithmenos
Qazlal
Vehumet
Wu Jian
Xom

Shops:
D:6 (

Annotations:
D:4 2 transporters, MirrMurr's ghost, amateur OgBe

.........▒..▒▒▒..▒...........
.........▒.8▒?▒8.▒...........
........▒▒)▒▒!▒▒+▒▒........▒▒
........▒8..▒?+.(.▒......▒▒▒▒
........'..)▒£▒..8▒....▒▒▒ ▒
........▒▒'▒▒£▒▒'▒▒..▒▒▒ ▒
..........▒)8▒£▒8.▒..▒▒ ▒
▒..........▒).▒▒▒..▒..▒ ▒▒
..........▒▒.gu..▒▒..▒▒ ▒.
▒▒▒...........▒▒▒▒▒▒▒▒...▒▒
▒▒. ...............▒ ▒▒...▒
▒▒▒.. ...............▒▒
▒▒..▒▒▒.... .....▒▒.........▒
▒▒..▒..... ....▒▒▒.........▒
▒.......▒ ▒..▒▒ ▒.........▒
▒▒......▒ ...▒ ▒▒........▒▒
▒......▒ ..▒▒ ▒...▒▒....▒
▒.....▒.


You could see a cyan ugly thing (extremely poisoned, corroded).


Message History

* * * LOW HITPOINT WARNING * * *
There is an open door here.
You hit the cyan ugly thing but do no damage.
The cyan ugly thing looks as sick as possible!
The cyan ugly thing is heavily wounded.
The cyan ugly thing engulfs you.
* * * LOW HITPOINT WARNING * * *
The cyan ugly thing shocks you!
* * * LOW HITPOINT WARNING * * *
You completely miss the cyan ugly thing.
You bite the cyan ugly thing, but do no damage.
The cyan ugly thing is heavily wounded.
You hit the cyan ugly thing but do no damage.
The cyan ugly thing looks as sick as possible!
The cyan ugly thing is heavily wounded.
The cyan ugly thing misses you.
Okay, then.
Aiming: Corrosive Bolt
Aim: a cyan ugly thing (heavily wounded, extremely poisoned, 74% to hit)
The bolt of acid misses the cyan ugly thing.
The cyan ugly thing engulfs you but does no damage.
Aiming: Corrosive Bolt
Aim: a cyan ugly thing (heavily wounded, extremely poisoned, 74% to hit)
The bolt of acid hits the cyan ugly thing!!
The acid corrodes the cyan ugly thing!
The cyan ugly thing is severely wounded.
The cyan ugly thing engulfs you.
* * * LOW HITPOINT WARNING * * *
The cyan ugly thing shocks you!
You die...

Action                   |  1- 3 |  4- 6 |  7- 9 || total
-------------------------+-------+-------+-------++-------
Melee: Dagger            |    79 |   210 |   173 ||   462
       Bite              |     7 |    21 |    22 ||    50
       Punch             |     1 |     2 |     3 ||     6
Throw: Throwing net      |     1 |       |     2 ||     3
Invok: Upheaval          |       |       |     6 ||     6
Evoke: Wand              |       |       |     2 ||     2
Armor: Leather armour    |    12 |       |       ||    12
       Robe              |       |    27 |    11 ||    38
       Swamp dragon scal |       |       |    35 ||    35
Dodge: Dodged            |    55 |   129 |   110 ||   294
Block: Other             |     7 |    25 |    26 ||    58

Levels and vault maps discovered:
D:1:      minmay_arrival_diagonal_passages, layout_basic,
          dreamdust_ecumenical_altar_grove, st_stairs_8,
          nicolae_concentric_dashed_squares_mild
D:2:      layout_rooms, serial_co_window_serial, co_window_paths_b,
          co_window_cross_1, co_window_paths_a, co_window_paths_a,
          co_window_cross_1, co_window_paths_b, co_window_paths_a,
          co_window_corner_b, co_window_unsneaky_path_e,
          co_window_unsneaky_path_c, co_window_unsneaky_path_e,
          co_window_broadway_c, co_window_corner_b, co_window_corner_ca,
          co_window_paths_d, co_window_paths_e, glass_columns_b,
          glass_columns_a, glass_columns_c, glass_columns_c, glass_columns_a,
          small_statue_intersection, uniq_jessica, uniq_robin
D:3:      layout_rooms, nicolae_overflow_crystal_walls, grunt_decor_one_mirror,
          corexii_corridor_pit, minmay_between
D:4:      layout_layer_cave, nzn_wu_jian_contemplation, gammafunk_ghost_arena,
          corexii_shack, kennysheep_generic_room_10
D:5:      layout_loops_ring, kennysheep_mini_moat, eino_tiny_chamber
D:6:      minmay_chambers_of_sixes, layout_layer_cave, grunt_dithmenos_shadows,
          minmay_temple_entry_ruins, serial_shops, shop, uniq_maggie

Notes
Turn   | Place    | Note
-------+----------+-------------------------------------------
     0 | D:1      | Reached skill level 10 in Dodging
     0 | D:1      | sanka the Gnoll Wanderer began the quest for the Orb.
     0 | D:1      | sanka set off with the following items: a +0 dagger, 3
                  | throwing nets {=f}, a wand of flame (5), a scroll of fear,
                  | a +0 leather armour; and the following spells available to
                  | memorise: Wereblood, Passwall
     0 | D:1      | Reached XP level 1. HP: 17/17 MP: 4/4
    86 | D:1      | Found a faded altar of an unknown god.
    92 | D:1      | Reached XP level 2. HP: 18/23 MP: 5/5
   178 | D:1      | Prayed at the altar of an unknown god.
   178 | D:1      | Became a worshipper of Qazlal Stormbringer
   178 | D:1      | Reached * piety under Qazlal
  1211 | D:2      | Reached XP level 3. HP: 28/28 MP: 7/7
  1382 | D:2      | Reached ** piety under Qazlal
  1686 | D:2      | Reached skill level 1 in Invocations
  1752 | D:2      | Noticed Jessica
  1755 | D:2      | Killed Jessica
  1756 | D:2      | Reached skill level 1 in Short Blades
  1756 | D:2      | Reached skill level 1 in Long Blades
  1756 | D:2      | Reached skill level 1 in Axes
  1756 | D:2      | Reached skill level 1 in Maces & Flails
  1756 | D:2      | Reached skill level 1 in Polearms
  1756 | D:2      | Reached skill level 1 in Staves
  1756 | D:2      | Reached skill level 1 in Slings
  1756 | D:2      | Reached skill level 1 in Bows
  1756 | D:2      | Reached skill level 1 in Crossbows
  1756 | D:2      | Reached skill level 1 in Throwing
  1756 | D:2      | Reached skill level 1 in Armour
  1756 | D:2      | Reached skill level 1 in Stealth
  1756 | D:2      | Reached skill level 1 in Shields
  1756 | D:2      | Reached skill level 1 in Unarmed Combat
  1756 | D:2      | Reached skill level 3 in Spellcasting
  1756 | D:2      | Reached XP level 4. HP: 34/34 MP: 8/8
  2077 | D:2      | Noticed Robin
  2100 | D:2      | Killed Robin
  2101 | D:2      | Reached skill level 1 in Conjurations
  2101 | D:2      | Reached skill level 1 in Hexes
  2101 | D:2      | Reached skill level 1 in Summonings
  2101 | D:2      | Reached skill level 1 in Necromancy
  2101 | D:2      | Reached skill level 1 in Translocations
  2101 | D:2      | Reached skill level 1 in Fire Magic
  2101 | D:2      | Reached skill level 1 in Ice Magic
  2101 | D:2      | Reached skill level 1 in Air Magic
  2101 | D:2      | Reached skill level 1 in Earth Magic
  2101 | D:2      | Reached skill level 1 in Poison Magic
  2697 | D:3      | Reached XP level 5. HP: 37/40 MP: 9/9
  2825 | D:3      | Found a radiant altar of Vehumet.
  3140 | D:4      | Found a transporter.
  3152 | D:4      | Reached *** piety under Qazlal
  3227 | D:4      | Noticed MirrMurr's ghost (amateur OgBe)
  3229 | D:4      | Found a transporter.
  3291 | D:4      | Found an ornate altar of the Wu Jian Council.
  3361 | D:4      | Reached skill level 3 in Fighting
  3361 | D:4      | Reached skill level 4 in Transmutations
  3361 | D:4      | Reached skill level 3 in Evocations
  3966 | D:4      | Reached XP level 6. HP: 42/47 MP: 10/10
  4117 | D:6      | Found a staircase to the Ecumenical Temple.
  4125 | D:5      | Entered Level 5 of the Dungeon
  4133 | D:5      | Noticed a black bear
  4138 | D:5      | Reached skill level 2 in Invocations
  4149 | D:5      | Killed a black bear
  4150 | D:5      | Reached skill level 2 in Short Blades
  4150 | D:5      | Reached skill level 2 in Long Blades
  4150 | D:5      | Reached skill level 2 in Axes
  4150 | D:5      | Reached skill level 2 in Maces & Flails
  4150 | D:5      | Reached skill level 2 in Polearms
  4150 | D:5      | Reached skill level 2 in Staves
  4150 | D:5      | Reached skill level 2 in Slings
  4150 | D:5      | Reached skill level 2 in Bows
  4150 | D:5      | Reached skill level 2 in Crossbows
  4150 | D:5      | Reached skill level 2 in Throwing
  4150 | D:5      | Reached skill level 2 in Armour
  4150 | D:5      | Reached skill level 2 in Stealth
  4150 | D:5      | Reached skill level 2 in Shields
  4150 | D:5      | Reached skill level 2 in Unarmed Combat
  4176 | D:5      | Noticed an ice beast
  4539 | D:5      | Killed an ice beast
  4540 | D:5      | Reached XP level 7. HP: 45/52 MP: 12/12
  5647 | D:5      | Found a shimmering altar of Xom.
  5698 | D:6      | Identified +0 swamp dragon scales
  5698 | D:6      | Noticed Maggie
  5709 | D:6      | Killed Maggie
  5710 | D:6      | Reached skill level 4 in Spellcasting
  5710 | D:6      | Reached skill level 2 in Conjurations
  5710 | D:6      | Reached skill level 2 in Hexes
  5710 | D:6      | Reached skill level 2 in Summonings
  5710 | D:6      | Reached skill level 2 in Necromancy
  5710 | D:6      | Reached skill level 2 in Translocations
  5710 | D:6      | Reached skill level 2 in Fire Magic
  5710 | D:6      | Reached skill level 2 in Ice Magic
  5710 | D:6      | Reached skill level 2 in Air Magic
  5710 | D:6      | Reached skill level 2 in Earth Magic
  5710 | D:6      | Reached skill level 2 in Poison Magic
  5710 | D:6      | Reached skill level 3 in Invocations
  5905 | D:6      | Learned a level 2 spell: Passwall
  5908 | D:6      | Learned a level 2 spell: Wereblood
  5921 | D:6      | Reached XP level 8. HP: 53/60 MP: 14/14
  6064 | D:6      | Reached skill level 4 in Fighting
  6064 | D:6      | Reached skill level 3 in Short Blades
  6064 | D:6      | Reached skill level 3 in Long Blades
  6064 | D:6      | Reached skill level 3 in Axes
  6064 | D:6      | Reached skill level 3 in Maces & Flails
  6064 | D:6      | Reached skill level 3 in Polearms
  6064 | D:6      | Reached skill level 3 in Staves
  6064 | D:6      | Reached skill level 3 in Slings
  6064 | D:6      | Reached skill level 3 in Bows
  6064 | D:6      | Reached skill level 3 in Crossbows
  6064 | D:6      | Reached skill level 3 in Throwing
  6064 | D:6      | Reached skill level 3 in Armour
  6064 | D:6      | Reached skill level 3 in Stealth
  6064 | D:6      | Reached skill level 3 in Shields
  6064 | D:6      | Reached skill level 3 in Unarmed Combat
  6064 | D:6      | Reached skill level 4 in Evocations
  6312 | D:6      | Reached skill level 11 in Dodging
  6421 | D:6      | Found a shadowy altar of Dithmenos.
  6546 | D:6      | Found Neytiq's Weapon Shoppe.
  6644 | D:6      | Noticed a troll
  6653 | D:6      | Reached skill level 3 in Conjurations
  6653 | D:6      | Reached skill level 3 in Hexes
  6653 | D:6      | Reached skill level 3 in Summonings
  6653 | D:6      | Reached skill level 3 in Necromancy
  6653 | D:6      | Reached skill level 3 in Translocations
  6653 | D:6      | Reached skill level 3 in Fire Magic
  6653 | D:6      | Reached skill level 3 in Ice Magic
  6653 | D:6      | Reached skill level 3 in Air Magic
  6653 | D:6      | Reached skill level 3 in Earth Magic
  6653 | D:6      | Reached skill level 3 in Poison Magic
  6653 | D:6      | Reached skill level 4 in Invocations
  6710 | D:6      | Killed a troll
  6711 | D:6      | Reached skill level 5 in Transmutations
  6711 | D:6      | Reached XP level 9. HP: 61/66 MP: 16/16
  6763 | D:6      | Reached skill level 4 in Short Blades
  6763 | D:6      | Reached skill level 4 in Long Blades
  6763 | D:6      | Reached skill level 4 in Axes
  6763 | D:6      | Reached skill level 4 in Maces & Flails
  6763 | D:6      | Reached skill level 4 in Polearms
  6763 | D:6      | Reached skill level 4 in Staves
  6763 | D:6      | Reached skill level 4 in Slings
  6763 | D:6      | Reached skill level 4 in Bows
  6763 | D:6      | Reached skill level 4 in Crossbows
  6763 | D:6      | Reached skill level 4 in Throwing
  6763 | D:6      | Reached skill level 4 in Armour
  6763 | D:6      | Reached skill level 4 in Stealth
  6763 | D:6      | Reached skill level 4 in Shields
  6763 | D:6      | Reached skill level 4 in Unarmed Combat
  6765 | D:6      | Reached skill level 5 in Spellcasting
  6782 | D:6      | Noticed a cyan ugly thing
  6803 | D:6      | HP: 5/67 [cyan ugly thing (4)]
  6803 | D:6      | Mangled by a cyan ugly thing

Vanquished Creatures
  Maggie (D:6)
  A troll (D:6)
  An orc warrior (D:6)
  2 sky beasts (D:6)
  An ice beast (D:5)
  An ogre (D:6)
  A black bear (D:5)
  2 centaurs (D:6)
  A phantom (D:6)
  A necrophage (D:6)
  A scorpion (D:6)
  6 killer bees (D:6)
  4 hounds
  Jessica (D:2)
  An iguana (D:4)
  An orc wizard (D:4)
  Robin (D:2)
  5 adders
  2 shadow imps
  An ufetubus (D:3)
  3 worms
  3 dart slugs
  5 orcs
  5 bats
  7 endoplasms
  10 goblins
  4 hobgoblins
  3 jackals (D:3)
  6 kobolds
  6 quokkas
  9 ball pythons
  2 frilled lizards
  7 rats
105 creatures vanquished.
